NCAA
VIRGINIA TECH HOKIES @ ALABAMA CRIMSON TIDE
04/24/2028
 
TOP OF THE 1ST
Virginia Tech Hokies batting - Pitching for Alabama Crimson Tide : RHP Nick Duncan
Pitching: RHP Nick Duncan
Batting: RHB César Rodríguez 0-0: Ball
1-0: Foul Ball, location: 2F
1-1: SINGLE (Line Drive, 4MD)
Batting: LHB Chris López 0-0: SINGLE (Groundball, 34D)
César Rodríguez to second
Runner from 2nd tries for 3rd, SAFE, no throw
Batting: RHB Eric Clay 0-0: Grounds into double play, 4-6-3 (Groundball, 4)
César Rodríguez scores
Batting: RHB Clay Smith 0-0: Ball
1-0: Ball
2-0: Called Strike
2-1: Swinging Strike
2-2: Ball
3-2: Fly out, F8 (Flyball, 8RM)
Top of the 1st over - 1 run(s), 2 hit(s), 0 error(s), 0 left on base; Virginia Tech 1 - Alabama 0
BOTTOM OF THE 1ST
Alabama Crimson Tide batting - Pitching for Virginia Tech Hokies : RHP Dan King
Pitching: RHP Dan King
Batting: RHB Jason Carr 0-0: Ball
1-0: Fly out, F8 (Flyball, 8LD)
Batting: SHB Bobby Riggs 0-0: Swinging Strike
0-1: Called Strike
0-2: Ball
1-2: Strikes out looking
Batting: LHB Steve Woods 0-0: Ball
1-0: Ball
2-0: Ball
3-0: Called Strike
3-1: Foul Ball, location: 2F
3-2: Base on Balls
Batting: LHB Jorge Rivera 0-0: Ball
1-0: Called Strike
1-1: Swinging Strike
1-2: Strikes out looking
Bottom of the 1st over - 0 run(s), 0 hit(s), 0 error(s), 1 left on base; Virginia Tech 1 - Alabama 0
TOP OF THE 2ND
Virginia Tech Hokies batting - Pitching for Alabama Crimson Tide : RHP Nick Duncan
Batting: RHB Will McDonald 0-0: Foul Ball, location: 2F
0-1: Foul Ball, location: 2F
0-2: SOLO HOME RUN (Flyball, 7LD), Distance : 327 ft
Batting: RHB Primo Owen 0-0: Called Strike
0-1: Ball
1-1: Ball
2-1: Fly out, F9 (Line Drive, 9S)
Batting: RHB Jack Jenkins 0-0: Ball
1-0: Called Strike
1-1: Ball
2-1: Ball
3-1: Foul Ball, location: 2F
3-2: Base on Balls
Batting: RHB Rob Fleming 0-0: Ball
1-0: Swinging Strike
1-1: Fly out, F9 (Flyball, 89S)
Batting: RHB Elliott Short 0-0: Ball
1-0: Ball
2-0: Ball
3-0: Called Strike
3-1: Fly out, F9 (Flyball, 89M)
Top of the 2nd over - 1 run(s), 1 hit(s), 0 error(s), 1 left on base; Virginia Tech 2 - Alabama 0
BOTTOM OF THE 2ND
Alabama Crimson Tide batting - Pitching for Virginia Tech Hokies : RHP Dan King
Batting: LHB Steve Blankenship 0-0: Swinging Strike
0-1: Ball
1-1: Ball
2-1: Foul Ball, location: 2F
2-2: Ball
3-2: Ground out 6-3 (Groundball, 6)
Batting: RHB Tommy Adams 0-0: Foul Ball, location: 2F
0-1: Fly out, F8 (Flyball, 8RM)
Batting: SHB Dave Wilson 0-0: Ball
1-0: Ball
2-0: Called Strike
2-1: Fly out, F5 (Popup, 5L)
Bottom of the 2nd over - 0 run(s), 0 hit(s), 0 error(s), 0 left on base; Virginia Tech 2 - Alabama 0
TOP OF THE 3RD
Virginia Tech Hokies batting - Pitching for Alabama Crimson Tide : RHP Nick Duncan
Batting: RHB César Rodríguez 0-0: Ground out 6-3 (Groundball, 6)
Batting: LHB Chris López 0-0: Ball
1-0: Ball
2-0: SINGLE (Groundball, 6D)
Batting: RHB Eric Clay 0-0: Ball
1-0: Fly out, F4 (Popup, 4D)
Batting: RHB Clay Smith 0-0: Foul Ball, location: 2F
0-1: Ball
1-1: Ball
2-1: Ball
3-1: Called Strike
3-2: Strikes out swinging
Top of the 3rd over - 0 run(s), 1 hit(s), 0 error(s), 1 left on base; Virginia Tech 2 - Alabama 0
BOTTOM OF THE 3RD
Alabama Crimson Tide batting - Pitching for Virginia Tech Hokies : RHP Dan King
Batting: LHB Clarence Bowen 0-0: Ball
1-0: Called Strike
1-1: Swinging Strike
1-2: Foul Ball, location: 2F
1-2: Ground out 3-1 (Groundball, 34)
Batting: RHB Alfredo Bernard 0-0: Ball
1-0: Called Strike
1-1: Swinging Strike
1-2: Fly out, F7 (Line Drive, 7S)
Batting: RHB Jason Carr 0-0: Ball
1-0: Foul Ball, location: 2F
1-1: Fly out, F6 (Line Drive, 6)
Bottom of the 3rd over - 0 run(s), 0 hit(s), 0 error(s), 0 left on base; Virginia Tech 2 - Alabama 0
TOP OF THE 4TH
Virginia Tech Hokies batting - Pitching for Alabama Crimson Tide : RHP Nick Duncan
Batting: RHB Will McDonald 0-0: Foul Ball, location: 2F
0-1: Ball
1-1: Ball
2-1: Swinging Strike
2-2: Strikes out swinging
Batting: RHB Primo Owen 0-0: Swinging Strike
0-1: Ball
1-1: Ball
2-1: Foul Ball, location: 2F
2-2: Ball
3-2: Fly out, F3 (Line Drive, 3)
Batting: RHB Jack Jenkins 0-0: Ball
1-0: Called Strike
1-1: SINGLE (Line Drive, 8LM)
Batting: RHB Rob Fleming 0-0: Called Strike
0-1: Foul Ball, location: 2F
0-2: Foul Ball, location: 2F
0-2: Strikes out swinging
Top of the 4th over - 0 run(s), 1 hit(s), 0 error(s), 1 left on base; Virginia Tech 2 - Alabama 0
BOTTOM OF THE 4TH
Alabama Crimson Tide batting - Pitching for Virginia Tech Hokies : RHP Dan King
Batting: SHB Bobby Riggs 0-0: Bunted foul
0-1: Ball
1-1: Fly out, F7 (Flyball, 78S)
Batting: LHB Steve Woods 0-0: Ball
1-0: Called Strike
1-1: SINGLE (Flyball, 7S)
Batting: LHB Jorge Rivera 0-0: Called Strike
0-1: Swinging Strike
0-2: Ground out 5-3 (Groundball, 56S)
Steve Woods to second
Batting: LHB Steve Blankenship 0-0: Ball
1-0: Called Strike
1-1: Ball
2-1: Foul Ball, location: 2F
2-2: SINGLE (Groundball, 3D)
Steve Woods to third
Runner from 3rd tries for Home, SAFE, no throw
Batting: RHB Tommy Adams 0-0: Foul Ball, location: 2F
0-1: Ball
1-1: Called Strike
1-2: Strikes out looking
Bottom of the 4th over - 1 run(s), 2 hit(s), 0 error(s), 1 left on base; Virginia Tech 2 - Alabama 1
TOP OF THE 5TH
Virginia Tech Hokies batting - Pitching for Alabama Crimson Tide : RHP Nick Duncan
Batting: RHB Elliott Short 0-0: Called Strike
0-1: SINGLE (Line Drive, 4MD)
Batting: RHB César Rodríguez 0-0: Ball
1-0: Called Strike
1-1: Fly out, F8 (Flyball, 89M)
Batting: LHB Chris López 0-0: Ball
1-0: Foul Ball, location: 2F
1-1: Ball
2-1: Swinging Strike
2-2: Strikes out looking
Batting: RHB Eric Clay 0-0: Called Strike
0-1: Foul Ball, location: 2F
0-2: Strikes out swinging
Top of the 5th over - 0 run(s), 1 hit(s), 0 error(s), 1 left on base; Virginia Tech 2 - Alabama 1
BOTTOM OF THE 5TH
Alabama Crimson Tide batting - Pitching for Virginia Tech Hokies : RHP Dan King
Batting: SHB Dave Wilson 0-0: Called Strike
0-1: Ball
1-1: Ball
2-1: Ball
3-1: Base on Balls
Batting: LHB Clarence Bowen 0-0: Ball
1-0: Called Strike
1-1: Swinging Strike
1-2: Fly out, F8 (Flyball, 8LS)
Batting: RHB Alfredo Bernard 0-0: Foul Ball, location: 2F
0-1: Ball
1-1: SINGLE (Line Drive, 7S)
Dave Wilson to second
Batting: RHB Jason Carr 0-0: Ball
1-0: Called Strike
1-1: Foul Ball, location: 2F
1-2: Ball
2-2: Foul Ball, location: 2F
2-2: Foul Ball, location: 2F
2-2: Foul Ball, location: 2F
2-2: Hit by Pitch
Dave Wilson to third
Alfredo Bernard to second
Batting: SHB Bobby Riggs 0-0: Ball
1-0: Foul Ball, location: 2F
1-1: Foul Ball, location: 2F
1-2: Foul Ball, location: 2F
1-2: Strikes out swinging
Pitching: RHP Eldon McElroy
Batting: LHB Steve Woods 0-0: Called Strike
0-1: Ball
1-1: Foul Ball, location: 2F
1-2: Ball
2-2: Ball
3-2: Strikes out swinging
Bottom of the 5th over - 0 run(s), 1 hit(s), 0 error(s), 3 left on base; Virginia Tech 2 - Alabama 1
TOP OF THE 6TH
Virginia Tech Hokies batting - Pitching for Alabama Crimson Tide : RHP Nick Duncan
Batting: RHB Clay Smith 0-0: Swinging Strike
0-1: Ground out 1-3 (Groundball, 15)
Batting: RHB Will McDonald 0-0: Ground out 6-3 (Groundball, 56)
Batting: RHB Primo Owen 0-0: SOLO HOME RUN (Flyball, 7D), Distance : 351 ft
Batting: RHB Jack Jenkins 0-0: Called Strike
0-1: Ground out 6-3 (Groundball, 6)
Top of the 6th over - 1 run(s), 1 hit(s), 0 error(s), 0 left on base; Virginia Tech 3 - Alabama 1
BOTTOM OF THE 6TH
Alabama Crimson Tide batting - Pitching for Virginia Tech Hokies : RHP Eldon McElroy
Batting: LHB Jorge Rivera 0-0: Ball
1-0: Called Strike
1-1: Ground out 5-3 (Groundball, 56S)
Batting: LHB Steve Blankenship 0-0: Called Strike
0-1: Called Strike
0-2: Ball
1-2: Strikes out swinging
Batting: RHB Tommy Adams 0-0: Ball
1-0: Ball
2-0: Ball
3-0: Base on Balls
Batting: SHB Dave Wilson 0-0: Ball
1-0: Foul Ball, location: 2F
1-1: Ground out 1-3 (Groundball, 15S)
Bottom of the 6th over - 0 run(s), 0 hit(s), 0 error(s), 1 left on base; Virginia Tech 3 - Alabama 1
TOP OF THE 7TH
Virginia Tech Hokies batting - Pitching for Alabama Crimson Tide : RHP Nick Duncan
Pitching: RHP Eddie Good
Batting: RHB Rob Fleming 0-0: Ball
1-0: Hit by Pitch
Batting: RHB Elliott Short 0-0: Called Strike
0-1: Called Strike
0-2: Foul Ball, location: 2F
0-2: Strikes out looking
Batting: RHB César Rodríguez 0-0: Called Strike
0-1: Called Strike
0-2: Ball
1-2: Foul Ball, location: 2F
1-2: SINGLE (Line Drive, 6MD)
Rob Fleming to second
Pitching: LHP Daniel Williams
Batting: LHB Chris López 0-0: Foul Ball, location: 2F
0-1: Ball
1-1: DOUBLE (Line Drive, 9LM)
Rob Fleming scores
César Rodríguez to third
Batting: RHB Eric Clay 0-0: Intentional Walk
Pitching: RHP Gary Sonier
Batting: RHB Clay Smith 0-0: Ball
1-0: Foul Ball, location: 2F
1-1: Ball
2-1: Ball
3-1: Foul Ball, location: 2F
3-2: Foul Ball, location: 2F
3-2: Strikes out swinging
Batting: RHB Will McDonald 0-0: Called Strike
0-1: Fly out, F5 (Flyball, 5D)
Top of the 7th over - 1 run(s), 2 hit(s), 0 error(s), 3 left on base; Virginia Tech 4 - Alabama 1
BOTTOM OF THE 7TH
Alabama Crimson Tide batting - Pitching for Virginia Tech Hokies : RHP Eldon McElroy
Batting: LHB Clarence Bowen 0-0: Ball
1-0: Ball
2-0: Foul Ball, location: 2F
2-1: Called Strike
2-2: Fly out, F9 (Flyball, 9LMF)
Batting: RHB Alfredo Bernard 0-0: Called Strike
0-1: Ball
1-1: Ball
2-1: Ball
3-1: Called Strike
3-2: Foul Ball, location: 2F
3-2: Reached on error, E6 (Groundball, 6)
Batting: RHB Jason Carr 0-0: Swinging Strike
0-1: Ball
1-1: Fly out, F8 (Line Drive, 8LM)
Batting: SHB Bobby Riggs 0-0: Foul Ball, location: 2F
0-1: Foul Ball, location: 2F
0-2: Ball
1-2: Foul Ball, location: 2F
1-2: Ball
2-2: Foul Ball, location: 2F
2-2: Fly out, F7 (Flyball, 7S)
Bottom of the 7th over - 0 run(s), 0 hit(s), 1 error(s), 1 left on base; Virginia Tech 4 - Alabama 1
TOP OF THE 8TH
Virginia Tech Hokies batting - Pitching for Alabama Crimson Tide : RHP Gary Sonier
Batting: RHB Primo Owen 0-0: Ball
1-0: Ball
2-0: Ball
3-0: Base on Balls
Batting: RHB Jack Jenkins 0-0: Fly out, F8 (Flyball, 8RM)
Batting: RHB Rob Fleming 0-0: Ball
1-0: Ball
2-0: Foul Ball, location: 2F
2-1: Foul Ball, location: 2F
2-2: Strikes out looking
Batting: RHB Elliott Short 0-0: Called Strike
0-1: Called Strike
0-2: Strikes out swinging
Top of the 8th over - 0 run(s), 0 hit(s), 0 error(s), 1 left on base; Virginia Tech 4 - Alabama 1
BOTTOM OF THE 8TH
Alabama Crimson Tide batting - Pitching for Virginia Tech Hokies : RHP Eldon McElroy
Batting: LHB Steve Woods 0-0: Ball
1-0: Ball
2-0: Called Strike
2-1: Ball
3-1: Ground out 4-3 (Groundball, 4)
Batting: LHB Jorge Rivera 0-0: Ball
1-0: Ball
2-0: Ball
3-0: Hit by Pitch
Pitching: RHP Bill Dickerson
Batting: LHB Steve Blankenship 0-0: Foul Ball, location: 2F
0-1: Swinging Strike
0-2: Ball
1-2: Ball
2-2: Foul Ball, location: 2F
2-2: Ball
3-2: Base on Balls
Jorge Rivera to second
Pitching: RHP John Harris
Batting: RHB Tommy Adams 0-0: Called Strike
0-1: SINGLE (Groundball, 6MS) (infield hit)
Jorge Rivera to third
Steve Blankenship to second
Batting: SHB Dave Wilson 0-0: Called Strike
0-1: Called Strike
0-2: Ball
1-2: Strikes out looking and he ARGUES THE CALL AND IS TOSSED!
Pitching: RHP Gary Thompson
Batting: LHB Clarence Bowen 0-0: Called Strike
0-1: Foul Ball, location: 2F
0-2: Ball
1-2: Strikes out swinging
Bottom of the 8th over - 0 run(s), 1 hit(s), 0 error(s), 3 left on base; Virginia Tech 4 - Alabama 1
TOP OF THE 9TH
Virginia Tech Hokies batting - Pitching for Alabama Crimson Tide : RHP Gary Sonier
Pitching: LHP Jason Ramsey
Batting: RHB César Rodríguez 0-0: Ball
1-0: Foul Ball, location: 2F
1-1: Foul Ball, location: 2F
1-2: Ground out 4-3 (Groundball, 4)
Batting: LHB Chris López 0-0: SINGLE (Line Drive, 6MD)
Batting: RHB Eric Clay 0-0: Foul Ball, location: 2F
0-1: Ball
1-1: Ball
2-1: Foul Ball, location: 2F
2-2: Strikes out swinging
Batting: RHB Clay Smith 0-0: Called Strike
0-1: Ball
1-1: Called Strike
1-2: Ball
2-2: Ball
3-2: Base on Balls
Chris López to second
Batting: RHB Will McDonald 0-0: Ball
1-0: Ball
Error on foul ball, E9
2-1: Foul Ball, location: 2F
2-2: Fly out, F2 (Popup, 25)
Top of the 9th over - 0 run(s), 1 hit(s), 1 error(s), 2 left on base; Virginia Tech 4 - Alabama 1
BOTTOM OF THE 9TH
Alabama Crimson Tide batting - Pitching for Virginia Tech Hokies : RHP Gary Thompson
Pitching: RHP Tom Strickland
Batting: RHB Alfredo Bernard 0-0: Ball
1-0: Called Strike
1-1: Swinging Strike
1-2: Foul Ball, location: 2F
1-2: Foul Ball, location: 2F
1-2: Ball
2-2: Foul Ball, location: 2F
2-2: SINGLE (Groundball, 4MD)
Batting: RHB Jason Carr 0-0: Grounds into double play, 6-4-3 (Groundball, 6)
Batting: SHB Bobby Riggs 0-0: Called Strike
0-1: Swinging Strike
0-2: Strikes out swinging
Bottom of the 9th over - 0 run(s), 1 hit(s), 0 error(s), 0 left on base; Virginia Tech 4 - Alabama 1
Tuesday, August 8th, 2017 - OOTP Baseball 17.12 Build 75